 Dungeon Crawl Stone Soup version 0.29.0-4-gdea44cf6ec (webtiles) character file.

Game seed: 15404130993066950788

3815 qw the Cleaver (level 10, -4/63 HPs)
             Began as a Gargoyle Fighter on Sept 6, 2022.
             Was a Believer of Okawaru.
             Slain by a death yak (5 damage)
             ... on level 8 of the Dungeon.
             The game lasted 00:03:36 (9211 turns).

qw the Cleaver (Gargoyle Fighter)                   Turns: 9211, Time: 00:03:37

Health: -4/63      AC: 23    Str: 24    XL:     10   Next: 17%
Magic:  12/13      EV: 10    Int:  9    God:    Okawaru [**....]
Gold:   102        SH:  6    Dex:  9    Spells: 9/9 levels left

rFire   + . .      SeeInvis .   Y - +3 war axe
rCold   . . .      Faith    .   c - +0 buckler
rNeg    + . .      Spirit   .   h - +0 chain mail
rPois   inf        Reflect  .   (no helmet)
rElec   +          Harm     .   (no cloak)
rCorr   .          Rampage  .   m - +2 pair of gloves
Will    .....                   g - +0 pair of boots
Stlth   ..........              (no amulet)
HPRegen 0.20/turn               r - ring of protection from fire
MPRegen 0.13/turn               (no ring)

@: about to teleport, heroic
A: sickness immunity, AC +7, negative energy resistance 1, electricity
resistance, torment resistance 1, petrification resistance
a: Renounce Religion, Heroism


You were on level 8 of the Dungeon.
You worshipped Okawaru.
Okawaru was pleased with you.
You visited 2 branches of the dungeon, and saw 9 of its levels.
You also visited: Sewer.

You collected 502 gold pieces.
You spent 400 gold pieces at shops.


Innate Abilities, Weirdness & Mutations

You are immune to sickness and miasma.
Your stone body is resilient. (AC +7)
You are immune to poison.
You resist negative energy. (rN+)
You are resistant to electric shocks. (rElec)
You are resistant to unholy torment.
You are immune to petrification.


   Skills:
 + Level 7.5(12.5) Fighting
 - Level 10.0(15.0) Axes
 - Level 2.1(7.1) Throwing
 - Level 5.4(10.4) Armour
 - Level 1.3(6.3) Dodging
 - Level 4.5(9.5) Shields
 - Level 4.3 Invocations


You had 9 spell levels left.
You didn't know any spells.
Your spell library was empty.

Inventory:

Hand Weapons
 p - a +0 morningstar
 Y - a +3 war axe (weapon)
Missiles
 j - 2 javelins
 l - 9 boomerangs (quivered)
Armour
 c - a +0 buckler (worn)
 g - a +0 pair of boots (worn)
 h - a +0 chain mail (worn)
 m - a +2 pair of gloves (worn)
Jewellery
 i - a ring of ice
 r - a ring of protection from fire (left hand)
Scrolls
 f - 7 scrolls of identify
Potions
 a - 3 potions of attraction
 b - a potion of mutation
 d - 2 potions of might
 k - 4 potions of curing
 n - 4 potions of haste
 o - a potion of lignification

Dungeon Overview and Level Annotations

Branches:
Dungeon (8/15)             Temple (1/1) D:6           Sewer (visited)
   Lair: D:8-11

Altars:
Cheibriados
Dithmenos
Makhleb
Nemelex Xobeh
Okawaru
Qazlal
Ru
Sif Muna
Trog
Yredelemnul

Shops:
D:2 :   D:7 =

Annotations:
D:3 1 runed translucent door, Crazy Yiuf


Message History

A death yak comes into view.
The death yak gores you but does no damage.
The death yak bellows!
You slash the death yak!
The death yak is severely wounded.
You completely miss the death yak. The death yak closely misses you.
You block the death yak's attack.
You barely miss the death yak.
The death yak is heavily wounded.
You barely miss the death yak. The death yak barely misses you.
The death yak closely misses you.
A death yak comes into view.
The death yak bellows!
You hit the death yak but do no damage.
The death yak is heavily wounded.
You hit the death yak but do no damage. x2
You hear a shout!
You hit the death yak.
The death yak is severely wounded.
You slash the death yak! You hit the death yak. The death yak gores you! x2
You slash the death yak!
The death yak is almost dead.
You hit the death yak but do no damage. You slash the death yak!
You hit the death yak but do no damage. You block the death yak's attack.
The death yak gores you.
The death yak gores you but does no damage.
You barely miss the death yak.
The death yak is almost dead.
You slash the death yak! You barely miss the death yak. You hit the death yak.
The death yak gores you.
A gnoll sergeant comes into view. It is wielding a +1 vorpal spear.
The death yak gores you!
The death yak gores you but does no damage.
The death yak barely misses you.
9211 ||| READING scroll of teleportation.
As you read the scroll of teleportation, it crumbles to dust.
You feel strangely unstable. The death yak gores you!
The death yak gores you. x3
You die...

......# ##.# ......#
##..# .##. ......###..##
#####.#..
......).>.######........
....)%#.......##........
......#.......##........
#######.......##........
#.......##YY......
#....8P..#@YY.Y.g#
#........'YY......
....P...#.#........
...........#........
.......#####........
...... #.....##. .....
#.....# '#'# #######


You could see 7 death yaks and a gnoll sergeant.

Vanquished Creatures
  Maggie (D:7)
  A hornet (D:7)
  4 yaks (D:8)
  2 steam dragons
  A water moccasin (D:6)
  4 ice beasts
  An orc warrior (D:7)
  A black bear (D:5)
  2 ogres
  A phantom (D:5)
  A centaur (D:5)
  2 kobold brigands (D:7)
  4 bullfrogs
  A necrophage (D:6)
  2 scorpions (D:6)
  2 wights (D:8)
  A centaur zombie (D:8)
  An orc priest (D:7)
  3 hounds
  A gnoll bouda (D:6)
  Ijyb (D:3)
  3 iguanas (D:5)
  6 orc wizards
  5 gnolls (D:6)
  14 adders
  A shadow imp (D:7)
  A white imp (D:6)
  2 ufetubi (D:4)
  2 worms (D:2)
  6 dart slugs
  22 orcs
  8 bats
  15 endoplasms
  20 giant cockroaches
  10 goblins
  A hobgoblin (D:3)
  5 jackals
  11 quokkas
  18 ball pythons
  11 frilled lizards
  17 kobolds
  5 rats
220 creatures vanquished.

Vanquished Creatures (others)
  6 withered plants (D:8)
6 creatures vanquished.

Grand Total: 226 creatures vanquished

Notes
Turn   | Place    | Note
-------+----------+-------------------------------------------
     0 | D:1      | qw the Gargoyle Fighter began the quest for the Orb.
     0 | D:1      | Reached XP level 1. HP: 14/14 MP: 1/1
     0 | D:1      | 0 ||| qw: Version: 0.1-a-108-g9e35731
     0 | D:1      | 0 ||| qw: Game counter: 6252
     0 | D:1      | 0 ||| qw: Always use a shield: true
     0 | D:1      | 0 ||| qw: God list: Okawaru
     0 | D:1      | 0 ||| qw: Allow faded altars: false
     0 | D:1      | 0 ||| qw: Do Orc after D:15 true
     0 | D:1      | 0 ||| qw: Do second Lair branch before Depths: true
     0 | D:1      | 0 ||| qw: Lair rune preference: random
     0 | D:1      | 0 ||| qw: Plans: Normal, Zot, God:TSO, Crypt, Tomb, Zig,
                  | Orb
     0 | D:1      | 0 ||| PLANNING D:1-11
    49 | D:1      | 49 ||| Stepping ~*~*~tactically~*~*~ (hiding).
    58 | D:1      | Reached skill level 2 in Axes
    59 | D:1      | Reached XP level 2. HP: 15/19 MP: 2/2
   209 | D:1      | 209 ||| DROPPING +0 club.
   527 | D:1      | Found a faded altar of an unknown god.
   543 | D:1      | 543 ||| UPGRADING to +2 pair of gloves.
   548 | D:1      | 548 ||| READING scroll labelled VOAM LAXTOUX.
   549 | D:1      | 549 ||| READING scroll labelled EGEVUC XUISAFA.
   552 | D:1      | 552 ||| READING scroll labelled NUIQON WEFI.
   553 | D:1      | 553 ||| READING scroll labelled LYB WAXZEKHIWI.
   554 | D:1      | 554 ||| READING scroll labelled USEKKISUTU.
   555 | D:1      | 555 ||| DRINKING 3 fizzy grey potions.
   601 | D:2      | Found Qecul's Book Boutique.
   613 | D:2      | Reached skill level 3 in Axes
   613 | D:2      | Reached XP level 3. HP: 16/23 MP: 3/3
   739 | D:2      | 739 ||| Stepping ~*~*~tactically~*~*~ (stealth).
   959 | D:2      | Reached XP level 4. HP: 28/28 MP: 4/4
  1076 | D:2      | Reached skill level 4 in Axes
  1323 | D:2      | 1323 ||| READING scroll labelled NIETAM ODOMOO.
  1324 | D:2      | 1324 ||| READING scroll labelled APESTR PUFREA.
  1325 | D:2      | 1325 ||| READING scroll labelled OCUFFY JAALU.
  1495 | D:3      | 1495 ||| Stepping ~*~*~tactically~*~*~ (hiding).
  1516 | D:3      | HP: 3/28 [something/magic dart (5)]
  1518 | D:3      | Reached XP level 5. HP: 4/32 MP: 5/5
  1588 | D:3      | 1588 ||| FLEEEEING.
  1589 | D:3      | 1589 ||| FLEEEEING.
  1590 | D:3      | 1590 ||| FLEEEEING.
  1591 | D:3      | 1591 ||| FLEEEEING.
  1593 | D:3      | 1593 ||| FLEEEEING.
  1595 | D:3      | 1595 ||| FLEEEEING.
  1596 | D:3      | 1596 ||| FLEEEEING.
  1599 | D:3      | 1599 ||| FLEEEEING.
  1600 | D:3      | 1600 ||| FLEEEEING.
  1602 | D:3      | 1602 ||| FLEEEEING.
  1603 | D:3      | 1603 ||| FLEEEEING.
  1604 | D:3      | 1604 ||| STAIRDANCE
  1798 | D:3      | 1798 ||| STAIRDANCE
  1898 | D:3      | 1898 ||| Stepping ~*~*~tactically~*~*~ (stealth).
  1900 | D:3      | 1900 ||| Stepping ~*~*~tactically~*~*~ (stealth).
  1908 | D:3      | 1908 ||| Stepping ~*~*~tactically~*~*~ (stealth).
  1909 | D:3      | 1909 ||| Stepping ~*~*~tactically~*~*~ (stealth).
  1912 | D:3      | 1912 ||| Stepping ~*~*~tactically~*~*~ (stealth).
  1920 | D:3      | 1920 ||| Stepping ~*~*~tactically~*~*~ (stealth).
  1956 | D:3      | Reached skill level 5 in Axes
  1959 | D:3      | 1959 ||| Stepping ~*~*~tactically~*~*~ (stealth).
  1964 | D:3      | 1964 ||| Stepping ~*~*~tactically~*~*~ (stealth).
  1966 | D:3      | 1966 ||| Stepping ~*~*~tactically~*~*~ (hiding).
  2088 | D:3      | Noticed Ijyb
  2099 | D:3      | HP: 8/32 [Ijyb/+0 club (3)]
  2100 | D:3      | 2100 ||| DRINKING 2 potions of heal wounds.
  2104 | D:3      | Killed Ijyb
  2327 | D:3      | 2327 ||| DROPPING +0 vorpal hammer.
  2330 | D:3      | Found a runed translucent door.
  2331 | D:3      | Noticed Crazy Yiuf
  2436 | D:3      | 2436 ||| Stepping ~*~*~tactically~*~*~ (stealth).
  2452 | D:3      | 2452 ||| Stepping ~*~*~tactically~*~*~ (stealth).
  2453 | D:3      | 2453 ||| Stepping ~*~*~tactically~*~*~ (stealth).
  2454 | D:3      | 2454 ||| Stepping ~*~*~tactically~*~*~ (stealth).
  2455 | D:3      | 2455 ||| Stepping ~*~*~tactically~*~*~ (stealth).
  2640 | D:3      | 2640 ||| READING scroll of enchant weapon.
  2640 | D:3      | 2640 ||| ENCHANTING +1 war axe.
  2664 | D:3      | Found a shimmering blue altar of Sif Muna.
  2904 | D:3      | 2904 ||| READING 2 scrolls of identify.
  2904 | D:3      | 2904 ||| IDENTIFYING white potion
  3030 | D:4      | 3030 ||| Stepping ~*~*~tactically~*~*~ (hiding).
  3435 | D:4      | Reached skill level 1 in Dodging
  3435 | D:4      | Reached XP level 6. HP: 24/38 MP: 6/6
  3872 | D:4      | 3872 ||| DROPPING +0 flail.
  4139 | D:4      | 4139 ||| READING scroll labelled ESHREU TOHASCH.
  4140 | D:4      | 4140 ||| READING scroll labelled UMYMUOGREG.
  4141 | D:4      | 4141 ||| DRINKING 4 smoky ruby potions.
  4142 | D:4      | 4142 ||| READING 3 scrolls of identify.
  4142 | D:4      | 4142 ||| IDENTIFYING murky puce potion
  4143 | D:4      | 4143 ||| READING 2 scrolls of identify.
  4143 | D:4      | 4143 ||| IDENTIFYING coppery potion
  4144 | D:4      | 4144 ||| DROPPING potion of magic.
  4145 | D:4      | 4145 ||| DROPPING potion of degeneration.
  4181 | D:5      | Entered Level 5 of the Dungeon
  4182 | D:5      | 4182 ||| PLANNING SEWER
  4202 | D:5      | Noticed an ice beast
  4213 | D:5      | Killed an ice beast
  4228 | D:5      | Found a glowing drain.
  4240 | Sewer    | Entered a sewer
  4283 | Sewer    | 4283 ||| Stepping ~*~*~tactically~*~*~ (water).
  4315 | Sewer    | 4315 ||| Stepping ~*~*~tactically~*~*~ (water).
  4373 | Sewer    | Reached skill level 6 in Axes
  4437 | Sewer    | Reached XP level 7. HP: 41/43 MP: 7/7
  4471 | Sewer    | 4471 ||| Stepping ~*~*~tactically~*~*~ (water).
  4484 | Sewer    | 4484 ||| Stepping ~*~*~tactically~*~*~ (water).
  4498 | Sewer    | 4498 ||| Stepping ~*~*~tactically~*~*~ (water).
  4508 | Sewer    | 4508 ||| Stepping ~*~*~tactically~*~*~ (stealth).
  4611 | Sewer    | 4611 ||| Stepping ~*~*~tactically~*~*~ (water).
  4727 | Sewer    | 4727 ||| Stepping ~*~*~tactically~*~*~ (water).
  4735 | Sewer    | HP: 10/43 [bullfrog (2)]
  4736 | Sewer    | 4736 ||| DRINKING 2 potions of heal wounds.
  4917 | D:5      | 4917 ||| PLANNING D:1-11
  4931 | D:5      | Found a bloodstained altar of Trog.
  5025 | D:5      | 5025 ||| Stepping ~*~*~tactically~*~*~ (stealth).
  5029 | D:5      | 5029 ||| Stepping ~*~*~tactically~*~*~ (stealth).
  5033 | D:5      | Reached skill level 7 in Axes
  5122 | D:5      | HP: 8/43 [centaur/arrow (7)]
  5123 | D:5      | 5123 ||| READING 3 scrolls of teleportation.
  5124 | D:5      | 5124 ||| DRINKING potion of heal wounds.
  5297 | D:5      | 5297 ||| Stepping ~*~*~tactically~*~*~ (hiding).
  5625 | D:5      | 5625 ||| Stepping ~*~*~tactically~*~*~ (stealth).
  5640 | D:5      | Reached XP level 8. HP: 45/50 MP: 8/8
  5764 | D:5      | 5764 ||| UPGRADING to +0 pair of boots.
  5769 | D:5      | 5769 ||| UPGRADING to +0 chain mail.
  5779 | D:5      | 5779 ||| DROPPING +0 scale mail.
  5780 | D:5      | 5780 ||| DRINKING 5 emerald potions.
  5972 | D:6      | Reached skill level 8 in Axes
  6176 | D:6      | Reached skill level 6 in Fighting
  6246 | D:6      | 6246 ||| Stepping ~*~*~tactically~*~*~ (stealth).
  6247 | D:6      | 6247 ||| Stepping ~*~*~tactically~*~*~ (stealth).
  6248 | D:6      | 6248 ||| Stepping ~*~*~tactically~*~*~ (stealth).
  6311 | D:6      | Reached XP level 9. HP: 52/55 MP: 9/9
  6335 | D:6      | 6335 ||| Stepping ~*~*~tactically~*~*~ (stealth).
  6337 | D:6      | 6337 ||| Stepping ~*~*~tactically~*~*~ (hiding).
  6363 | D:6      | Found a staircase to the Ecumenical Temple.
  6364 | D:6      | 6364 ||| PLANNING TEMPLE
  6372 | Temple   | Entered the Ecumenical Temple
  6380 | Temple   | Became a worshipper of Warmaster Okawaru
  6382 | Temple   | 6382 ||| PLANNING D:1-11
  6467 | D:6      | 6467 ||| Stepping ~*~*~tactically~*~*~ (stealth).
  6632 | D:6      | Found a snail-covered altar of Cheibriados.
  6646 | D:6      | 6646 ||| READING scroll of enchant weapon.
  6646 | D:6      | 6646 ||| ENCHANTING +2 war axe.
  7082 | D:6      | 7082 ||| DROPPING amulet of guardian spirit.
  7083 | D:6      | 7083 ||| READING scroll labelled RUUCKIMAKK.
  7084 | D:6      | 7084 ||| READING 5 scrolls of identify.
  7084 | D:6      | 7084 ||| IDENTIFYING fuming red potion
  7161 | D:7      | 7161 ||| Stepping ~*~*~tactically~*~*~ (hiding).
  7162 | D:7      | 7162 ||| Stepping ~*~*~tactically~*~*~ (hiding).
  7303 | D:7      | 7303 ||| Stepping ~*~*~tactically~*~*~ (hiding).
  7321 | D:7      | HP: 9/55 [steam dragon/ball of steam (13)]
  7322 | D:7      | 7322 ||| READING 2 scrolls of teleportation.
  7324 | D:7      | Reached skill level 9 in Axes
  7612 | D:7      | Found Emuroe's Jewellery Shop.
  7652 | D:7      | Found a stormy altar of Qazlal.
  7689 | D:7      | 7689 ||| SHOPLISTING +4 ring of evasion (576 gold, have
                  | 449).
  7689 | D:7      | 7689 ||| SHOPLISTING +4 ring of protection (576 gold, have
                  | 449).
  7689 | D:7      | 7689 ||| SHOPLISTING +6 ring of dexterity (576 gold, have
                  | 449).
  7689 | D:7      | 7689 ||| SHOPLISTING amulet of reflection (480 gold, have
                  | 449).
  7689 | D:7      | 7689 ||| SHOPLISTING amulet of regeneration (480 gold, have
                  | 449).
  7689 | D:7      | 7689 ||| SHOPLISTING amulet of the acrobat (480 gold, have
                  | 449).
  7689 | D:7      | 7689 ||| SHOPLISTING ring "Zicatz" {Fire rN+ Str+2 Int-4}
                  | (512 gold, have 449).
  7689 | D:7      | 7689 ||| BUYING ring of ice (400 gold).
  7689 | D:7      | Bought a ring of ice for 400 gold pieces
  7693 | D:7      | Noticed a hornet
  7708 | D:7      | Killed a hornet
  7866 | D:7      | 7866 ||| Stepping ~*~*~tactically~*~*~ (stealth).
  7901 | D:7      | Reached * piety under Okawaru
  8026 | D:7      | 8026 ||| Stepping ~*~*~tactically~*~*~ (stealth).
  8056 | D:7      | Reached skill level 1 in Invocations
  8203 | D:7      | Found a sparkling altar of Nemelex Xobeh.
  8208 | D:7      | 8208 ||| INVOKING Heroism.
  8273 | D:7      | Noticed Maggie
  8274 | D:7      | 8274 ||| Stepping ~*~*~tactically~*~*~ (hiding).
  8283 | D:7      | 8283 ||| INVOKING Heroism.
  8297 | D:7      | Killed Maggie
  8298 | D:7      | Reached skill level 3 in Invocations
  8534 | D:7      | 8534 ||| DROPPING amulet of faith.
  8535 | D:7      | 8535 ||| UPGRADING to ring of protection from fire.
  8536 | D:7      | 8536 ||| DRINKING 2 bubbling ruby potions.
  8625 | D:8      | 8625 ||| Stepping ~*~*~tactically~*~*~ (hiding).
  8805 | D:8      | 8805 ||| INVOKING Heroism.
  8900 | D:8      | 8900 ||| Stepping ~*~*~tactically~*~*~ (stealth).
  8905 | D:8      | 8905 ||| Stepping ~*~*~tactically~*~*~ (stealth).
  8912 | D:8      | Reached ** piety under Okawaru
  8915 | D:8      | 8915 ||| INVOKING Heroism.
  8918 | D:8      | Reached XP level 10. HP: 43/63 MP: 9/13
  8922 | D:8      | Reached skill level 10 in Axes
  9075 | D:8      | 9075 ||| FLEEEEING.
  9076 | D:8      | 9076 ||| FLEEEEING.
  9077 | D:8      | 9077 ||| FLEEEEING.
  9078 | D:8      | 9078 ||| FLEEEEING.
  9079 | D:8      | 9079 ||| FLEEEEING.
  9080 | D:8      | 9080 ||| FLEEEEING.
  9081 | D:8      | 9081 ||| FLEEEEING.
  9082 | D:8      | 9082 ||| FLEEEEING.
  9083 | D:8      | 9083 ||| FLEEEEING.
  9084 | D:8      | 9084 ||| FLEEEEING.
  9085 | D:8      | 9085 ||| FLEEEEING.
  9086 | D:8      | 9086 ||| FLEEEEING.
  9087 | D:8      | 9087 ||| FLEEEEING.
  9088 | D:8      | 9088 ||| FLEEEEING.
  9089 | D:8      | 9089 ||| FLEEEEING.
  9090 | D:8      | 9090 ||| FLEEEEING.
  9091 | D:8      | 9091 ||| FLEEEEING.
  9092 | D:8      | 9092 ||| FLEEEEING.
  9093 | D:8      | 9093 ||| FLEEEEING.
  9094 | D:8      | 9094 ||| FLEEEEING.
  9095 | D:8      | 9095 ||| FLEEEEING.
  9096 | D:8      | 9096 ||| FLEEEEING.
  9097 | D:8      | 9097 ||| FLEEEEING.
  9098 | D:8      | 9098 ||| FLEEEEING.
  9099 | D:8      | 9099 ||| FLEEEEING.
  9100 | D:8      | 9100 ||| FLEEEEING.
  9101 | D:8      | 9101 ||| FLEEEEING.
  9102 | D:8      | 9102 ||| FLEEEEING.
  9103 | D:8      | 9103 ||| FLEEEEING.
  9104 | D:8      | 9104 ||| FLEEEEING.
  9105 | D:8      | 9105 ||| FLEEEEING.
  9106 | D:8      | 9106 ||| FLEEEEING.
  9107 | D:8      | 9107 ||| FLEEEEING.
  9108 | D:8      | 9108 ||| FLEEEEING.
  9197 | D:8      | Noticed a death yak
  9197 | D:8      | Noticed a death yak
  9198 | D:8      | 9198 ||| INVOKING Heroism.
  9199 | D:8      | Noticed a death yak
  9199 | D:8      | Noticed a death yak
  9201 | D:8      | Noticed a death yak
  9204 | D:8      | Noticed a death yak
  9206 | D:8      | Noticed a death yak
  9210 | D:8      | HP: 15/63 [death yak (14)]
  9211 | D:8      | 9211 ||| READING scroll of teleportation.
  9211 | D:8      | HP: 6/63 [death yak (10)]
  9211 | D:8      | HP: 2/63 [death yak (4)]
  9211 | D:8      | Slain by a death yak

Levels and vault maps discovered:
D:1:      dpeg_arrival_long_road, layout_rooms, ebering_ecumenical_altar_rust,
          nrook_uturn
D:2:      minmay_door_path, layout_rooms, serial_shops, nicolae_shop_waterfront,
          minmay_worlds_worst_comb
D:3:      layout_loops_ring, mainiacjoe_overflow_alcove_2, minmay_diced_spiral,
          uniq_ijyb, uniq_crazy_yiuf_cottage
D:4:      layout_loops_corners, dk_vineyard_3, kennysheep_generic_room_6
D:5:      layout_gridville, bloody_trog, portal_sewer_entry_b
D:6:      layout_basic, old_standard_altar, minmay_temple_entry_butterflies,
          abandoned_shop, kennysheep_dice
D:7:      layout_loops_ring, nicolae_qazlal_general_emergency,
          nemelex_dance_club_becter, enter_bailey_3, serial_shops,
          nicolae_shop_waterfront, uniq_maggie
D:8:      layout_basic, nicolae_gozag_zags_fifth_avenue, dpeg_lair_monsters,
          serial_undead, serial_undead_e, serial_undead_b, serial_undead_e,
          serial_undead_f, chequers_avenue, blue_anna_alchemist
Temple:   nicolae_temple_two_arcs

Skill      XL: |  1  2  3  4  5  6  7  8  9 10 |
---------------+-------------------------------+-----
Axes           | 2 3 4 5 6 7 8 9 10 | 10.0
Fighting       | 4 5 6 7 |  7.5
Dodging        | 1 |  1.3
Throwing       | 2 |  2.1
Armour         | 4 5 |  5.4
Shields        | 4 |  4.5
Invocations    | 4 |  4.3

Action                   |  1- 3 |  4- 6 |  7- 9 | 10-12 || total
-------------------------+-------+-------+-------+-------++-------
Melee: War axe           |    79 |   214 |   334 |    25 ||   652
Throw: Boomerang         |    10 |    44 |    56 |       ||   110
       Javelin           |       |       |    12 |       ||    12
Invok: Heroism           |       |       |     4 |     1 ||     5
  Use: Scroll            |     5 |     9 |     5 |     1 ||    20
       Potion            |     1 |     2 |     4 |       ||     7
Armor: Scale mail        |    36 |   145 |    76 |       ||   257
       Chain mail        |       |       |   145 |     8 ||   153
Dodge: Dodged            |    21 |    98 |   116 |    11 ||   246
Block: Buckler           |    20 |    28 |    74 |     8 ||   130

Table legend:
 A = Non-vault XP
 B = Vault XP
 C = Vault XP percentage of total XP
 D = Non-vault monster count
 E = Vault monster count
 F = Vault count percentage of total count
                 A         B        C        D         E       F
            +---------+---------+-------+---------+---------+-------
      Total |    4278 |    1172 |  21.5 |     132 |      88 |  40.0
            +---------+---------+-------+---------+---------+-------
        D:1 |      27 |       0 |   0.0 |      12 |       0 |   0.0
        D:2 |      85 |      29 |  25.4 |      17 |       9 |  34.6
        D:3 |     102 |      44 |  30.1 |      18 |       5 |  21.7
        D:4 |      90 |      17 |  15.9 |      14 |       2 |  12.5
        D:5 |     654 |      21 |   3.1 |      13 |       7 |  35.0
        D:6 |    1140 |      43 |   3.6 |      23 |       1 |   4.2
        D:7 |    1005 |     540 |  35.0 |      23 |       7 |  23.3
        D:8 |    1175 |     186 |  13.7 |      12 |       3 |  20.0
      Sewer |       0 |     292 | 100.0 |       0 |      54 | 100.0
            +---------+---------+-------+---------+---------+-------
